Match 45647163
Unlisted

Match 45647163
End
Construct Section Command Post
Dingo Light Scout Car
Infantry Section
Infantry Section
Grenade Package
Construct Platoon Command Post
Selects Canadian Shock Battlegroup
Selects Canadian Shock Battlegroup
Selects Offensive Resupply
Selects Canadian Shock Section
Canadian Shock Section
Construct Field Infirmary
Selects Incendiary Munitions
6-pounder Anti-tank Gun Team
Canadian Shock Section
Unlock Bishop Self-propelled Artillery
Infantry Training
Selects Pyrotechnics
Bishop Self-propelled Artillery
Bishop Self-propelled Artillery
6-pounder Anti-tank Gun Team
Vickers Machine Gun Team
Selects Churchill Crocodile Heavy Tank
Churchill Crocodile Heavy Tank
Selects Smoke Operation
6-pounder Anti-tank Gun Team
Smoke Operation
6-pounder Anti-tank Gun Team
6-pounder Anti-tank Gun Team
CMP 15cwt Truck
KOR-KINOrz
T-REX
borys771
EAST CLINTWOOD
mi prima de Cifuentes
The MidgetCrusader69
tihs86
珀犭
0
0

Comments sign in to comment!

No comments posted yet!